Painful late-game grind on Santuario

Match 36970450
End
Selects Australian Defense Battlegroup
Selects Australian Light Infantry Section
Australian Light Infantry Section
Construct Section Command Post
Dingo Light Scout Car
Australian Light Infantry Section
Construct Platoon Command Post
Infantry Section
Selects CMP 15cwt Supply Run
CMP 15cwt Supply Run
Construct Company Command Post
Selects 2-pounder Anti-tank Gun Team
2-pounder Anti-tank Gun Team
CMP 15cwt Supply Run
Selects Reinforced Resource Caches
Crusader II Medium Tank
Crusader II Medium Tank
CMP 15cwt Supply Run
Crusader II Medium Tank
Selects Charged Creeping Barrage
Charged Creeping Barrage
Royal Engineer Section
Crusader II Medium Tank
Armored Vehicle Training
Charged Creeping Barrage
Crusader II Medium Tank
Selects Vehicle Over Repair
CMP 15cwt Supply Run
Unlock M3 Grant Medium Tanks
M3 Grant Medium Tank
CMP 15cwt Supply Run
M3 Grant Medium Tank
M3 Grant Medium Tank
Charged Creeping Barrage
Royal Engineer Section
Royal Engineer Section
M3 Grant Medium Tank
CMP 15cwt Supply Run
Unlock Towed 17-pounder Anti-tank Guns
17-pounder Anti-tank Gun Team
M3 Grant Medium Tank
Charged Creeping Barrage
CMP 15cwt Truck
CMP 15cwt Supply Run
Royal Engineer Section
17-pounder Anti-tank Gun Team
Royal Engineer Section
ashilrye
Rommels Zirkus
BamboneWertherone ITA
FLOKL
0
0

Comments sign in to comment!

BamboneWertherone ITA [U] 7 months ago

Game highlights the importance of big mines, as an actual stop to the crusader rush as well as a deterrent from further flanks